 Dungeon Crawl Stone Soup version 0.21-a0-88-g13b9641 (webtiles) character file.

7880 skittles the Slinger (level 11, -2/81 HPs)
             Began as a Halfling Hunter on June 27, 2017.
             Was a High Priest of Okawaru.
             Slain by a killer bee (4 damage)
             ... on level 9 of the Dungeon.
             The game lasted 00:35:54 (12858 turns).

skittles the Slinger (Halfling Hunter)             Turns: 12858, Time: 00:35:54

Health: -2/81      AC:  7    Str: 13    XL:     11   Next: 45%
Magic:  11/11      EV: 29    Int:  8    God:    Okawaru [*****.]
Gold:   454        SH:  0    Dex: 21    Spells: 10/10 levels left

rFire    x . .     SeeInvis .   b - +8 trident "Hog Kice" {drain, +Blink rF- rC+++ Int-4}
rCold    + + +     Gourm    .   (shield currently unavailable)
rNeg     . . .     Faith    .   c - +0 leather armour
rPois    +         Spirit   .   w - +1 hat {Int+3}
rElec    .         Reflect  .   u - +0 cloak
rCorr    .         Harm     .   h - +0 pair of gloves
MR       .....                  R - +0 pair of boots
Stlth    ++........             (no amulet)
HPRegen  0.23/turn              B - +4 ring of evasion
MPRegen  0.12/turn              E - ring of poison resistance

@: lethally poisoned (-2 -> -3)
A: agile 1, mutation resistance 1
a: Heroism, Finesse, Renounce Religion, Evoke Blink


You were on level 9 of the Dungeon.
You worshipped Okawaru.
Okawaru was extremely pleased with you.
You were very hungry.

You visited 2 branches of the dungeon, and saw 10 of its levels.

You collected 454 gold pieces.

Inventory:

Hand Weapons
 a - a +1 hunting sling
 b - the +8 trident "Hog Kice" (weapon) {drain, +Blink rF- rC+++ Int-4}
   (You found it on level 5 of the Dungeon)

   A truly terrible weapon, it drains the life of those it strikes.
   It affects your intelligence (-4).
   It makes you vulnerable to fire.
   It renders you almost immune to cold.
   It lets you blink.
 N - a +2 whip of electrocution
 S - a +0 whip of flaming
Missiles
 d - 57 sling bullets
 e - 197 stones (quivered)
Armour
 c - a +0 leather armour (worn)
 h - a +0 pair of gloves (worn)
 u - a +0 cloak (worn)
 v - a +0 shield
 w - a +1 hat of intelligence (worn)
 R - a +0 pair of boots (worn)
Jewellery
 B - a +4 ring of evasion (left hand)
 E - a ring of poison resistance (right hand)
 L - a +4 ring of dexterity
 M - an uncursed ring of protection from magic
 O - an uncursed ring of resist corrosion
Wands
 C - a wand of acid (10/15)
 F - a wand of disintegration (6/24)
 I - a wand of paralysis (18/24)
 K - a wand of polymorph (13/24)
 P - a wand of flame (15/48)
 T - a wand of digging (9/24)
 U - a wand of confusion (23/48)
Scrolls
 g - 5 scrolls of remove curse {unknown}
 m - 7 scrolls of teleportation
 n - 3 scrolls of fear {unknown}
 o - 3 scrolls of amnesia {unknown}
 x - 4 scrolls of recharging {unknown}
 y - a scroll of fog {unknown}
 G - 2 scrolls of magic mapping {unknown}
 H - a scroll of random uselessness {unknown}
Potions
 i - 2 potions of haste
 j - 2 potions of mutation
 p - 4 potions of curing
 q - 4 potions of flight
 r - a potion of brilliance
 t - 4 potions of lignification
 z - 2 potions of magic
 A - a potion of heal wounds
 D - 3 potions of agility {unknown}
 J - a potion of might {unknown}
 V - a potion of invisibility {unknown}
Books
 Q - a book of Cantrips

   Spells                             Type                      Level
   a - Confusing Touch                Hexes                        1
   b - Animate Skeleton               Necromancy                   1
   c - Summon Small Mammal            Summoning                    1
   d - Apportation                    Translocation                1
Comestibles
 f - 4 bread rations
 k - 2 fruits
 l - 9 royal jellies
 s - 2 meat rations


   Skills:
 + Level 9.8 Fighting
 - Level 12.5 Slings
 + Level 11.7 Dodging
 - Level 1.1 Stealth
 - Level 1.0 Shields


You had 10 spell levels left.
You didn't know any spells.

Dungeon Overview and Level Annotations

Branches:
Dungeon (9/15)             Temple (1/1) D:5
   Lair: D:8-11         Orc: D:9-12

Altars:
Ashenzari
Cheibriados
Elyvilon
Gozag
Kikubaaqudgha
Nemelex Xobeh
Okawaru
Qazlal
Ru
Uskayaw
Yredelemnul

Shops:
D:5 }


Innate Abilities, Weirdness & Mutations

You are small and have problems with some larger weapons.
You are somewhat resistant to further mutation.
You are agile. (Dex +2)


Message History

The killer bee is heavily wounded.
The killer bee stings you.
* * * LOW HITPOINT WARNING * * *
The killer bee completely misses you. x2
You closely miss the killer bee.
The killer bee is heavily wounded.
The killer bee completely misses you. x2
You hit the killer bee. You drain the killer bee!
You kill the killer bee!
Okawaru accepts your kill.
You feel sick. The killer bee misses you. The killer bee stings you!
* * * LOW HITPOINT WARNING * * *
You miss the killer bee.
The killer bee completely misses you. x2
You closely miss the killer bee.
The killer bee completely misses you. x3
You puncture the killer bee!
The killer bee is almost dead.
You feel sick. The killer bee completely misses you.
The killer bee stings you but does no damage.
The killer bee stings you.
You die... . #.y.y.y %.y!y yyy

#y#
#y#
#y#
#y#
#y#
#@#
#.#
#.#
#.#
#.#
#.#
#.#
#.#
#.#


You could see 9 killer bees.

Vanquished Creatures
  Gastronok (D:9)
  Pikel (D:9)
  2 queen bees (D:9)
  A hippogriff (D:9)
  A wyvern (D:8)
  Grum (D:8)
  2 water moccasins (D:8)
  An ice beast (D:9)
  3 orc warriors
  2 sky beasts
  A phantom (D:9)
  A necrophage (D:8)
  3 ogres
  3 wolves
  2 centaurs
  A big kobold (D:9)
  A bullfrog (D:8)
  3 scorpions
  3 wights (D:7)
  30 killer bees
  7 electric eels (D:7)
  A centaur zombie (D:8)
  4 howler monkeys
  6 crimson imps
  2 jellies
  A quasit (D:5)
  A centaur skeleton (D:4)
  5 hounds
  7 orc wizards
  4 orc priests
  A bullfrog skeleton (D:8)
  An iguana (D:6)
  3 worker ants
  A hound skeleton (D:6)
  A hound zombie (D:7)
  3 gnolls (D:2)
  A howler monkey skeleton (D:4)
  11 adders
  3 oozes
  An adder zombie (D:7)
  2 adder skeletons
  A worm (D:3)
  A dart slug (D:2)
  3 leopard geckos
  26 orcs
  8 bats
  7 giant cockroaches
  7 goblins
  9 hobgoblins
  10 jackals
  5 quokkas
  A ball python (D:3)
  4 frilled lizards
  A jackal zombie (D:8)
  10 kobolds
  A leopard gecko skeleton (D:6)
  A quokka skeleton (D:8)
  4 rats
228 creatures vanquished.

Vanquished Creatures (others)
  4 slaves (D:9)
  A killer bee (D:9)
  An orc priest (D:9)
  An orc wizard (D:9)
  An orc (D:9)
8 creatures vanquished.

Grand Total: 236 creatures vanquished

Notes
Turn   | Place    | Note
-------+----------+-------------------------------------------
     0 | D:1      | skittles the Halfling Hunter began the quest for the Orb.
     0 | D:1      | Reached XP level 1. HP: 14/14 MP: 1/1
   114 | D:1      | Reached skill level 6 in Slings
   122 | D:1      | Reached XP level 2. HP: 13/19 MP: 2/2
   332 | D:1      | Reached XP level 3. HP: 24/24 MP: 3/3
   963 | D:2      | Found a shattered altar of Ashenzari.
  1000 | D:2      | Found a sparkling altar of Nemelex Xobeh.
  1184 | D:2      | Reached XP level 4. HP: 6/29 MP: 4/4
  1496 | D:2      | Reached skill level 7 in Slings
  2468 | D:3      | Reached XP level 5. HP: 35/35 MP: 5/5
  2901 | D:3      | Found a stormy altar of Qazlal.
  3356 | D:4      | Found a sacrificial altar of Ru.
  3398 | D:4      | Reached XP level 6. HP: 36/42 MP: 6/6
  3627 | D:4      | Found a snail-covered altar of Cheibriados.
  3714 | D:3      | HP: 2/42 [poisoned by a scorpion]
  4077 | D:4      | Reached skill level 8 in Slings
  4420 | D:5      | Entered Level 5 of the Dungeon
  4558 | D:5      | Reached XP level 7. HP: 39/47 MP: 7/7
  4689 | D:5      | Reached skill level 5 in Dodging
  4733 | D:5      | Got a fine trident
  4734 | D:5      | Identified the +8 trident "Hog Kice" {drain, +Blink rF- rC+++ Int-4} (You found it on level 5 of the Dungeon)
  4867 | D:5      | Found Niofobli's Gadget Boutique.
  5026 | D:5      | Found a staircase to the Ecumenical Temple.
  5561 | Temple   | Entered the Ecumenical Temple
  5601 | Temple   | Became a worshipper of Warmaster Okawaru
  6107 | D:6      | Reached skill level 9 in Slings
  6107 | D:6      | Reached XP level 8. HP: 25/54 MP: 8/8
  6958 | D:7      | Reached skill level 5 in Fighting
  6965 | D:7      | Reached * piety under Okawaru
  7123 | D:7      | Reached skill level 10 in Slings
  7309 | D:7      | Found an ancient bone altar of Kikubaaqudgha.
  7338 | D:7      | Reached XP level 9. HP: 26/61 MP: 9/9
  7559 | D:7      | Found a white marble altar of Elyvilon.
  8103 | D:7      | HP: 2/62 [electric eel/bolt of electricity (10)]
  9218 | D:8      | Reached skill level 11 in Slings
  9378 | D:8      | Reached ** piety under Okawaru
  9577 | D:8      | Found a hide-covered altar of Uskayaw.
 10042 | D:8      | Noticed Grum
 10432 | D:8      | Reached skill level 12 in Slings
 10463 | D:8      | Reached XP level 10. HP: 63/69 MP: 10/10
 10869 | D:8      | Killed Grum
 11152 | D:8      | Reached *** piety under Okawaru
 11274 | D:8      | Gained mutation: You are agile. (Dex +2) [potion of mutation]
 11325 | D:8      | Reached skill level 1 in Shields
 11617 | D:9      | Got a warped robe
 11628 | D:9      | Identified the +0 robe "Tybineh" {Int+4} (You found it on level 9 of the Dungeon)
 11669 | D:9      | Noticed Pikel
 11692 | D:9      | Killed Pikel
 11705 | D:9      | Reached **** piety under Okawaru
 11705 | D:9      | Reached skill level 10 in Dodging
 11840 | D:9      | Noticed Gastronok
 12343 | D:9      | Reached XP level 11. HP: 78/78 MP: 11/11
 12424 | D:9      | Killed Gastronok
 12424 | D:9      | Received a gift from Okawaru
 12852 | D:9      | Reached ***** piety under Okawaru
 12855 | D:9      | HP: 2/81 [killer bee (9)]
 12858 | D:9      | Slain by a killer bee

Vault maps used:
D:1:      dpeg_chamrin_arrival_tetris
D:2:      nicolae_ashenzari_panopticon, nemelex_xobeh_ov_fountains_minmay
D:3:      overflow_temple_1_default
D:4:      overflow_temple_1_default, nicolae_ru_awakened_eye
D:5:      temple_hall, first_bread, serial_shops, shop
D:7:      kiku_gazebo_garden_becter, kennysheep_little_box, kennysheep_boxes
D:8:      nicolae_overflow_crystal_walls, uniq_grum
D:9:      david_nohive_1, interstate_on_off, minivault_5, uniq_pikel,
          uniq_gastronok
Temple:   minmay_temple_curvy_branch

Skill      XL: |  1  2  3  4  5  6  7  8  9 10 11 |
---------------+----------------------------------+-----
Slings         | 6 7 8 9 10 12 | 12.5
Fighting       | 2 3 4 5 6 8 9 |  9.8
Dodging        | 3 4 5 6 8 10 11 | 11.7
Shields        | 1 |  1.0
Stealth        | |  1.1

Action                   |  1- 3 |  4- 6 |  7- 9 | 10-12 || total
-------------------------+-------+-------+-------+-------++-------
Melee: Trident           |       |       |   110 |   282 ||   392
       Whip              |       |       |    18 |       ||    18
 Fire: Hunting sling     |   114 |   234 |   332 |    83 ||   763
Evoke: Wand              |       |     1 |       |       ||     1
  Use: Scroll            |       |       |     5 |     5 ||    10
       Potion            |       |       |     1 |     1 ||     2
 Stab: Sleeping          |       |       |     3 |     1 ||     4
       Distracted        |       |       |       |     1 ||     1
  Eat: Chunk             |     1 |     9 |    13 |     5 ||    28
       Fruit             |       |       |     6 |     3 ||     9
Armor: Leather armour    |     7 |    19 |    12 |    27 ||    65
Dodge: Dodged            |    46 |    89 |   237 |   531 ||   903
